 Dungeon Crawl Stone Soup version 0.28-a0-906-g0406aca7d3 (webtiles) character file.

Game seed: 11132453364926532625

124555 mainiacjoe the Markself (level 16, -3/87 HPs)
             Began as a Deep Elf Fire Elementalist on Nov 21, 2021.
             Was a High Priest of Hepliaklqana.
             Slain by a six-headed hydra (8 damage)
             ... called by a spriggan druid
             ... on level 3 of the Swamp on Nov 23, 2021.
             The game lasted 03:07:32 (43196 turns).

mainiacjoe the Markself (DEFE)                     Turns: 43196, Time: 03:07:33

Health: -3/87      AC: 20    Str:  8    XL:     16   Next: 39%
Magic:  19/32      EV: 21    Int: 31    God:    Hepliaklqana [*****.]
Gold:   838        SH:  5    Dex: 18    Spells: 4/35 levels left

rFire   . . .      SeeInvis +   a - +9 longbow (venom)
rCold   . . .      Faith    .   (shield currently unavailable)
rNeg    . . .      Spirit   .   D - +2 robe {Archmagi}
rPois   .          Reflect  +   M - +2 helmet {SInv}
rElec   .          Harm     .   Y - +2 cloak
rCorr   +          Rampage  .   K - +2 pair of gloves
Will    +....      Archmagi +   s - +2 pair of boots
Stlth   +++++.....              Q - amulet of reflection
HPRegen 0.24/turn               X - +4 ring of protection
MPRegen 0.23/turn               F - ring of the Scavenger {rCorr Int+6 Dex+3}

@: no status effects
A: reduced essence
a: Renounce Religion, Recall Ancestor, Ancestor Identity, Transference, Idealise


You were on level 3 of the Swamp.
You worshipped Hepliaklqana.
Hepliaklqana was extremely pleased with you.
You visited 5 branches of the dungeon, and saw 27 of its levels.
You also visited: Ossuary, Bailey, Gauntlet, Ice Cave and Volcano.

You collected 2470 gold pieces.
You spent 1632 gold pieces at shops.

Inventory:

Hand Weapons
 a - a +9 longbow of venom (weapon)
 b - the +6 hand crossbow "Varocut" {penet, Will+ Stlth+}
   (You took it off a minotaur in a Gauntlet)

   Any ammunition fired by it passes through the targets it hits, potentially
   hitting all targets in its path until it reaches maximum range.
   Will:      It increases your willpower.
   Stlth:     It makes you more stealthy.
Missiles
 e - 585 arrows (quivered ammo)
 f - 95 bolts
 g - 8 curare-tipped darts {=F}
 q - 5 throwing nets {=F}
 t - 76 boomerangs
 E - 3 silver javelins
 L - 12 poisoned darts
Armour
 n - a +3 leather armour of fire resistance
 s - a +2 pair of boots (worn)
 D - a +2 robe of the Archmagi (worn)
 K - a +2 pair of gloves (worn)
 M - a +2 helmet of see invisible (worn)
 Y - a +2 cloak (worn)
Jewellery
 o - a ring of protection from cold
 F - the ring of the Scavenger (right hand) {rCorr Int+6 Dex+3}
   (You found it in a Gauntlet)

   [ring of intelligence]

   Int:       It affects your intelligence (+6).
   Dex:       It affects your dexterity (+3).
   rCorr:     It protects you from acid and corrosion.
 Q - an amulet of reflection (around neck)
 X - a +4 ring of protection (left hand)
Wands
 h - a wand of digging (6)
 r - a wand of mindburst (7)
 A - a wand of polymorph (7)
 I - a wand of acid (46)
 R - a wand of iceblast (14)
 T - a wand of paralysis (23)
 Z - a wand of charming (7)
Scrolls
 d - 2 scrolls of immolation
 i - 4 scrolls of silence
 j - 2 scrolls of fog
 k - a scroll of holy word
 v - 2 scrolls of fear
 y - 2 scrolls of blinking
 B - 3 scrolls of vulnerability
 O - 4 scrolls of magic mapping
 V - 5 scrolls of teleportation
Potions
 c - 5 potions of heal wounds
 l - 11 potions of curing
 m - 3 potions of invisibility
 p - 5 potions of might
 x - 8 potions of brilliance
 z - 6 potions of lignification
 C - a potion of magic
 G - 7 potions of ambrosia
 H - 5 potions of cancellation
 N - 3 potions of resistance
 P - 4 potions of haste
 W - 4 potions of flight
Miscellaneous
 u - a condenser vane (inert)
 w - a lightning rod (4/4)
 J - a phial of floods
 S - a piece from Xom's chessboard (15/15)
 U - a tin of tremorstones (2/2)


   Skills:
 - Level 10.0 Fighting
 - Level 20.0 Bows
 + Level 13.4 Dodging
 - Level 10.0 Stealth
 - Level 10.0 Spellcasting
 - Level 9.0 Conjurations
 - Level 4.0 Hexes
 - Level 9.0 Translocations
 - Level 9.0 Fire Magic
 - Level 10.0 Invocations
 - Level 7.0 Evocations


You had 4 spell levels left.
You knew the following spells:

 Your Spells              Type           Power      Damage    Failure   Level
a - Foxfire               Conj/Fire      100%       2x1d9     1%          1
b - Scorch                Fire           100%       2d10      1%          2
c - Fireball              Conj/Fire      41%        3d17      2%          5
d - Sticky Flame          Conj/Fire      82%        2d9       1%          4
e - Flame Wave            Conj/Fire      82%        3d14      1%          4
f - Inner Flame           Hex/Fire       70%        N/A       1%          3
g - Gell's Gravitas       Tloc           82%        N/A       1%          3
j - Conjure Flame         Conj/Fire      82%        6-21      1%          3
k - Blink                 Tloc           100%       N/A       1%          2
z - Iskenderun's Mystic   Conj/Tloc      82%        2d16      1%          4

Your spell library contained the following spells:

 Spells                   Type           Power      Damage    Failure   Level
 Shock                    Conj/Air       100%       1d9       1%          1
 Slow                     Hex            100%       N/A       1%          1
 Static Discharge         Conj/Air       60%        N/A       1%          2
 Confusing Touch          Hex            57%        N/A       1%          3
 Dazzling Flash           Conj/Hex       100%       N/A       1%          3
 Lesser Beckoning         Tloc           82%        N/A       1%          3
 Teleport Other           Tloc           82%        N/A       1%          3
 Ensorcelled Hibernation  Hex/Ice        82%        N/A       2%          2
 Ignite Poison            Fire/Tmut/Pois 50%        N/A       2%          3
 Corpse Rot               Necr/Air       46%        N/A       4%          2
 Poisonous Vapours        Pois/Air       46%        N/A       4%          2
 Spider Form              Tmut/Pois      23%        N/A       10%         3
 Airstrike                Air            11%        N/A       32%         4
 Animate Armour           Summ/Erth      46%        N/A       32%         4
 Summon Lightning Spire   Summ/Air       23%        N/A       32%         4
 Manifold Assault         Tloc           82%        N/A       2%          5
 Starburst                Conj/Fire      41%        6d12      12%         6
 Lightning Bolt           Conj/Air       30%        1d47      14%         5
 Yara's Violent Unravell  Hex/Tmut       20%        3d9       36%         5
 Iron Shot                Conj/Erth      30%        9d6       61%         6
 Blade Hands              Tmut           11%        N/A       65%         5
 Summon Cactus Giant      Summ           11%        N/A       99%         6
 Ignition                 Fire           41%        3d12      99%         8


Dungeon Overview and Level Annotations

Branches:
Dungeon (15/15)            Temple (1/1) D:5            Lair (6/6) D:10
  Swamp (3/4) Lair:2       Spider (0/4) Lair:3        Slime (0/5) Lair:5
    Orc (2/2) D:12            Elf (0/3) Orc:2        Vaults (0/5) D:14
 Depths (0/4) D:15        Ossuary (visited)          Bailey (visited)
  IceCv (visited)         Volcano (visited)         Gauntlet (visited)

Altars:
Ashenzari
Cheibriados
Dithmenos
Elyvilon
Fedhas
Gozag
Hepliaklqana
Kikubaaqudgha
Makhleb
Nemelex Xobeh
Okawaru
Qazlal
Ru
Sif Muna
Trog
Uskayaw
Vehumet
Wu Jian
Xom
Yredelemnul
Zin
The Shining One
Beogh
Jiyva

Shops:
D:3 ?*(!   D:4 !:(   D:10 (   D:12 *   D:13 [   Orc:2 ((:?

Annotations:
Lair:5 1 runed translucent door


Message History

You are engulfed in noxious fumes.
The bunyip claws you!! The bunyip completely misses you. x2
Branwen hits the bunyip with a +0 dagger of draining!!
The tyrant leech is engulfed in noxious fumes.
The six-headed hydra barely misses you.
You block the six-headed hydra's attack. x2
The six-headed hydra closely misses you.
The six-headed hydra barely misses you.
The six-headed hydra bites you but does no damage.
A wave of flame ripples out!
Branwen avoids your attack.
The flame wave engulfs the bunyip!
You kill the bunyip!
The flame wave engulfs the bunyip!!
The bunyip is almost dead.
The flame wave engulfs the six-headed hydra!!!
The six-headed hydra is heavily wounded.
The flame wave engulfs the swamp drake!
The swamp drake is heavily wounded.
The flame wave engulfs the tyrant leech!!
The tyrant leech is almost dead.
The flame wave engulfs the spriggan!!
You kill the spriggan!
You hear a splash. x3
The flame wave engulfs the vampire mosquito!!
You destroy the vampire mosquito!
You finish channelling waves of flame.
The swamp drake is engulfed in a cloud of scalding steam.
The swamp drake closely misses Branwen.
Branwen barely misses the swamp drake.
The bunyip claws you!
* * * LOW HITPOINT WARNING * * *
The bunyip claws you.
* * * LOW HITPOINT WARNING * * *
The bunyip claws you!
* * * LOW HITPOINT WARNING * * *
The tyrant leech is engulfed in a cloud of scalding steam.
You kill the tyrant leech!
The six-headed hydra closely misses you.
The six-headed hydra bites you but does no damage.
The six-headed hydra bites you!
You die...

♣♣♣♣≈...♣♣ ♣♣♣♣≈≈?
♣♣♣.≈≈?≈≈§≈♣ <.♣§§≈≈
♣♣..≈≈≈≈§≈≈≈
.≈§§§≈.♣♣≈≈≈≈≈≈≈..♣ ♣
≈≈§§§≈.♣..≈≈≈≈≈.≈♣♣.≈
≈.§§§§§≈§§§.≈≈≈≈≈≈...
..≈≈§k§§§§§≈≈(≈≈≈≈≈♣
...§§§R§§§§§§§(≈≈≈≈♣
♣§§§(@.§§§§≈(≈≈≈≈§♣
♣≈.♣§§§xD§§§§§≈.≈≈..≈
....§§§§§§§..≈§.≈≈<.≈
≈.^≈§§§§§§§§§.....≈>≈
..≈≈≈.≈♣♣♣♣§§≈≈......
§§.≈≈≈♣ .§§≈≈≈....♣
≈≈.≈.≈ ≈≈♣≈.≈≈...♣♣
..♣♣♣♣ ♣.≈


You could see the friendly Branwen the hexer (idealised), a bunyip, a six-headed
hydra and a swamp drake.

Vanquished Creatures
  Jorgrun (D:15)
  A reaper (IceCv)
  A minotaur (Gauntlet)
  The ghost of Buacuz the Cleaver, a journeyman NaWn of Gozag (Lair:3)
  The ghost of Gajag the Fighter, a journeyman DjFE of Makhleb (D:12)
  5 bunyips
  2 rakshasas (D:15)
  4 vault guards (D:14)
  4 boulder beetles
  17 hydras
  Harold (D:8)
  An ogre mage (D:14)
  Erolcha (D:11)
  6 two-headed ogres
  9 centaur warriors
  3 catoblepae
  3 death knights
  A dancing weapon (Volcano)
  The ghost of HuGe the Slicer, a journeyman GrBe of Trog (Lair:1)
  2 alligators (Swamp:2)
  4 orc high priests (Orc:2)
  Sonja (Orc:1)
  A skeletal warrior (D:14)
  3 goliath frogs
  A spriggan druid (Swamp:3)
  A bog body (Swamp:1)
  A glowing orange brain (D:15)
  2 deep elf pyromancers
  A necromancer (D:11)
  2 wizards (Volcano)
  4 cyclopes
  2 orc knights
  2 orc sorcerers
  9 slime creatures
  2 will-o-the-wisps (Swamp:1)
  8 ugly things
  A moth of wrath (Lair:3)
  A manticore (Lair:4)
  4 toenail golems (Volcano)
  8 elephants
  Maurice (D:11)
  5 black mambas
  2 molten gargoyles (Lair:6)
  A torpor snail (Gauntlet)
  2 gargoyles
  9 cane toads
  A rime drake (Lair:6)
  2 minotaur zombies (Gauntlet)
  A kobold demonologist (D:12)
  An efreet (D:12)
  2 freezing wraiths
  8 komodo dragons
  6 ice devils (IceCv)
  3 trolls
  3 meliai (D:15)
  4 tyrant leeches
  14 blink frogs
  2 hornets
  2 polar bears
  6 dream sheep
  5 wraiths
  2 redbacks (Lair:3)
  A centaur simulacrum (D:12)
  4 wyverns
  A dire elephant simulacrum (IceCv)
  2 water elementals (D:12)
  21 yaks
  6 spriggans
  Grum (D:8)
  2 basilisks
  A human (D:14)
  A steam dragon (D:9)
  2 death yak simulacra (IceCv)
  15 vampire mosquitoes
  19 swamp worms
  A warg (Orc:2)
  4 hell hounds (Lair:6)
  14 water moccasins
  21 orc warriors
  2 swamp drakes
  2 ice beasts
  5 black bears
  4 necrophages
  3 ogres
  20 wolves
  9 centaurs
  4 kobold brigands
  A bullfrog (shapeshifter) (D:15)
  10 bullfrogs
  A gnoll sergeant (D:8)
  A cane toad simulacrum (IceCv)
  2 two-headed ogre simulacra (IceCv)
  5 water moccasin zombies (Ossuary)
  A water moccasin skeleton (D:3)
  4 elephant simulacra (IceCv)
  3 killer bees (D:11)
  3 electric eels
  3 howler monkeys
  A lava snake (Lair:6)
  4 centaur zombies
  2 jellies
  3 hounds
  A centaur skeleton (D:5)
  3 bullfrog skeletons
  33 orc priests
  2 gnoll shamans
  Ijyb (D:5)
  Natasha (D:2)
  7 hexers
  13 orc wizards
  7 polar bear simulacra
  5 hell rats (Lair:3)
  2 troll simulacra (IceCv)
  3 yak simulacra (D:11)
  A spriggan simulacrum (IceCv)
  2 wolf simulacra
  2 mummies (Ossuary)
  16 gnolls
  6 river rats (Lair:3)
  9 adders
  A naga simulacrum (IceCv)
  13 white imps
  3 ufetubi (IceCv)
  9 adder zombies (Ossuary)
  An adder skeleton (D:4)
  2 worms
  3 dart slugs
  72 orcs
  5 endoplasms
  4 giant cockroaches
  15 goblins
  19 hobgoblins
  6 jackals (D:2)
  35 kobolds
  7 quokkas
  7 ball pythons
  4 bats
  4 frilled lizards
  4 gnoll zombies (Ossuary)
  2 hobgoblin zombies (Ossuary)
  3 kobold zombies (Ossuary)
  4 orc zombies (Ossuary)
  12 rats
  A river rat simulacrum (D:11)
  A bush (Lair:4)
765 creatures vanquished.

Vanquished Creatures (collateral kills)
  2 fenstrider witches
  3 hydras
  A boulder beetle (D:12)
  A centaur warrior (D:14)
  2 alligators
  2 orc high priests (Orc:2)
  A bog body (Swamp:1)
  A lindwurm (Lair:6)
  2 manticores
  A cyclops (D:11)
  An elephant (Lair:5)
  A black mamba (Lair:6)
  A toenail golem (Volcano)
  2 centaur zombies
  4 cane toads
  A gargoyle (D:11)
  A kobold demonologist (D:12)
  A komodo dragon (Lair:6)
  2 ice devils (IceCv)
  A tyrant leech (Gauntlet)
  A blink frog (Lair:2)
  A slime creature (D:13)
  4 dream sheep
  A spriggan (Lair:3)
  2 wraiths
  9 yaks
  A wyvern (Lair:4)
  4 basilisks (Lair:6)
  A steam dragon (Lair:6)
  2 vampire mosquitoes
  4 water moccasins
  A hell hound (Lair:6)
  2 orc warriors
  A necrophage (D:7)
  A sky beast (D:7)
  9 wolves
  2 centaurs
  2 bullfrogs
  2 killer bees (D:11)
  A howler monkey (D:8)
  3 lava snakes (Lair:6)
  5 orc priests
  3 hell rats (Lair:3)
  An iguana (D:6)
  3 orc wizards
  A spriggan simulacrum (IceCv)
  A howler monkey skeleton (D:6)
  A gnoll (D:8)
  4 river rats (Lair:3)
  A white imp (Orc:1)
  9 orcs
  3 kobolds
  2 quokkas (Lair:3)
  5 foxfires
124 creatures vanquished.

Vanquished Creatures (others)
  A wizard (Volcano)
  A lava snake (Lair:6)
  44 hexers
  2 ancestors
  586 foxfires
  47 fungi
  70 plants
  A withered plant (D:10)
752 creatures vanquished.

Grand Total: 1641 creatures vanquished

Notes
Turn   | Place    | Note
-------+----------+-------------------------------------------
     0 | D:1      | mainiacjoe the Deep Elf Fire Elementalist began the quest
                  | for the Orb.
     0 | D:1      | Reached XP level 1. HP: 10/10 MP: 6/6
    31 | D:1      | Upgraded the game from 0.28-a0-883-gc8d7bad45d to
                  | 0.28-a0-895-g6e5f11bd55
   522 | D:1      | Reached XP level 2. HP: 15/15 MP: 5/8
   525 | D:1      | Learned a level 2 spell: Scorch
   528 | D:1      | Learned a level 2 spell: Blink
  1025 | D:2      | Reached XP level 3. HP: 19/19 MP: 7/10
  1029 | D:2      | Reached skill level 1 in Translocations
  1261 | D:2      | Learned a level 3 spell: Conjure Flame
  1340 | D:2      | Reached XP level 4. HP: 24/24 MP: 6/12
  1629 | D:2      | Noticed Natasha
  1868 | D:2      | Killed Natasha
  2000 | D:3      | Found Jaleidy's General Store.
  2005 | D:3      | Bought a scroll of identify for 24 gold pieces
  2007 | D:3      | Bought a potion of curing for 36 gold pieces
  2106 | D:3      | Found a faded altar of an unknown god.
  2243 | D:3      | Bought a scroll of noise for 12 gold pieces
  2248 | D:3      | Found a shimmering altar of Xom.
  2265 | D:3      | Found an iron altar of Okawaru.
  2265 | D:3      | Found a white marble altar of Elyvilon.
  2267 | D:3      | Found a sparkling altar of Nemelex Xobeh.
  2267 | D:3      | Found a shimmering altar of Xom.
  2267 | D:3      | Found a bloodstained altar of Trog.
  2319 | D:3      | Reached XP level 5. HP: 9/28 MP: 5/13
  2538 | D:3      | Found Zinuamer's Weapon Emporium.
  2712 | D:3      | Bought a potion of flight for 36 gold pieces
  2845 | D:3      | Found Jumuedan's Magic Scroll Shoppe.
  2932 | D:3      | Found Jushiloe's Distillery.
  3218 | D:4      | Found Kefoac's Book Emporium.
  3271 | D:4      | Found Lesmuodgh's Weapon Boutique.
  3375 | D:4      | Found Goidapom's Distillery.
  3409 | D:4      | Noticed an ogre
  3418 | D:4      | Killed an ogre
  3419 | D:4      | Reached skill level 5 in Fire Magic
  3419 | D:4      | Reached XP level 6. HP: 32/32 MP: 9/14
  3424 | D:4      | Learned a level 4 spell: Flame Wave
  3563 | D:3      | Bought a potion of degeneration for 11 gold pieces
  4586 | D:4      | Reached skill level 5 in Conjurations
  4586 | D:4      | Reached XP level 7. HP: 36/36 MP: 8/15
  4690 | D:4      | You fall into a shaft and drop 2 floors!
  4747 | D:5      | Entered Level 5 of the Dungeon
  4864 | D:5      | Found a blossoming altar of Fedhas.
  4874 | D:5      | Noticed Ijyb
  4892 | D:5      | Killed Ijyb
  4941 | D:5      | Found a sand-covered staircase.
  5118 | Ossuary  | Entered an ossuary
  5634 | Ossuary  | Reached XP level 8. HP: 41/41 MP: 6/16
  6046 | D:4      | Bought a potion of attraction for 30 gold pieces
  6071 | D:5      | Found Lamemut's Jewellery Shoppe.
  6154 | D:5      | Found a hazy altar of Hepliaklqana.
  6166 | D:5      | Became a worshipper of Hepliaklqana the Forgotten
  6265 | D:5      | Found a staircase to the Ecumenical Temple.
  6279 | Temple   | Entered the Ecumenical Temple
  6554 | D:4      | Bought a potion of lignification for 30 gold pieces
  7324 | D:6      | Reached skill level 5 in Spellcasting
  7324 | D:6      | Reached skill level 2 in Bows
  7404 | D:4      | Bought a potion of brilliance for 40 gold pieces
  7551 | D:3      | Bought a scroll of identify for 28 gold pieces
  7646 | D:6      | Learned a level 4 spell: Iskenderun's Mystic Blast
  7784 | D:6      | Found a hide-covered altar of Uskayaw.
  7800 | D:6      | Reached skill level 3 in Bows
  7889 | D:6      | Reached * piety under Hepliaklqana
  8115 | D:3      | Bought a scroll of magic mapping for 42 gold pieces
  8294 | D:6      | Reached skill level 4 in Bows
  8298 | D:6      | Learned a level 3 spell: Inner Flame
  8387 | D:6      | Found a glowing golden altar of the Shining One.
  9026 | D:7      | Reached skill level 5 in Bows
  9026 | D:7      | Reached skill level 1 in Hexes
  9026 | D:7      | Reached XP level 9. HP: 37/40 MP: 13/20
  9037 | D:7      | Reached skill level 6 in Bows
  9107 | D:7      | Found a white marble altar of Elyvilon.
  9128 | D:7      | Reached skill level 5 in Translocations
  9367 | D:7      | Found a flagged portal.
  9422 | Bailey   | Entered a bailey
  9469 | Bailey   | Reached ** piety under Hepliaklqana
  9528 | Bailey   | Remembered your ancestor Branwen as a hexer
  9550 | Bailey   | Noticed an orc knight
  9566 | Bailey   | Killed an orc knight
  9569 | Bailey   | HP: 2/40 [cloud of steam (8)]
  9902 | Bailey   | Identified the +6 hand axe of Piastuaq {protect, Drain
                  | rElec rPois rN++}
 10243 | D:7      | Reached XP level 10. HP: 45/45 MP: 8/24
 10886 | D:3      | Bought a scroll of teleportation for 42 gold pieces
 11050 | D:8      | Noticed Harold
 11058 | D:8      | Killed Harold
 11226 | D:8      | Found a shimmering blue altar of Sif Muna.
 11314 | D:8      | Noticed Grum
 11321 | D:8      | Killed Grum
 11334 | D:8      | Reached skill level 10 in Spellcasting
 11742 | D:8      | Reached *** piety under Hepliaklqana
 12552 | D:3      | Bought a scroll of amnesia for 49 gold pieces
 12996 | D:9      | Found a basalt altar of Yredelemnul.
 12998 | D:9      | Found a shadowy altar of Dithmenos.
 13112 | D:9      | Reached **** piety under Hepliaklqana
 13167 | D:9      | Reached skill level 1 in Invocations
 13733 | D:9      | Noticed a seven-headed hydra
 13740 | D:9      | Killed a seven-headed hydra
 13741 | D:9      | Reached XP level 11. HP: 48/48 MP: 20/27
 13856 | D:10     | Entered Level 10 of the Dungeon
 13869 | D:10     | Found a broken altar of Ashenzari.
 13980 | D:10     | Noticed a two-headed ogre
 13980 | D:10     | Noticed a two-headed ogre
 13998 | D:10     | Killed a two-headed ogre
 13999 | D:10     | Reached skill level 5 in Dodging
 14044 | D:10     | Killed a two-headed ogre
 14087 | D:10     | Identified the ring "Elyuleg" {Dex+6 Stlth+}
 14143 | D:10     | Reached skill level 5 in Invocations
 14192 | D:10     | Found a staircase to the Lair.
 14310 | D:10     | Identified the +6 trident of Boar {elec, Int-3 Dex+4 SInv}
 14329 | D:10     | Reached skill level 1 in Fighting
 14611 | D:10     | Found Imieschakk's Antique Weapon Boutique.
 14972 | D:3      | Bought a potion of mutation for 88 gold pieces
 15261 | D:10     | Found a stormy altar of Qazlal.
 15304 | D:10     | Found an ancient bone altar of Kikubaaqudgha.
 15384 | D:10     | Found a glowing silver altar of Zin.
 15429 | Lair:1   | Entered Level 1 of the Lair of Beasts
 15509 | Lair:1   | HP: 2/54 [cloud of flame (15)]
 16040 | Lair:1   | Found an ornate altar of the Wu Jian Council.
 16040 | Lair:1   | Found a hide-covered altar of Uskayaw.
 16040 | Lair:1   | Noticed a boulder beetle
 16054 | Lair:1   | Killed a boulder beetle
 16404 | Lair:1   | Found a runed translucent gate.
 16406 | Lair:1   | Found a runed translucent gate.
 16406 | Lair:1   | Found a runed translucent gate.
 16409 | Lair:1   | Noticed HuGe's ghost (journeyman GrBe)
 16419 | Lair:1   | Reached ***** piety under Hepliaklqana
 16765 | Lair:2   | Reached skill level 5 in Fighting
 16927 | Lair:2   | Reached XP level 12. HP: 61/61 MP: 22/28
 16964 | Lair:2   | Noticed a four-headed hydra
 16975 | Lair:2   | Found a staircase to the Swamp.
 16977 | Lair:2   | Noticed a four-headed hydra
 16978 | Lair:2   | Killed a four-headed hydra
 17033 | Lair:2   | Reached skill level 10 in Dodging
 17223 | Lair:2   | Noticed a catoblepas
 17236 | Lair:2   | Killed a catoblepas
 17504 | Lair:2   | Killed a four-headed hydra
 18043 | Lair:3   | Noticed a five-headed hydra
 18049 | Lair:3   | Killed a five-headed hydra
 18054 | Lair:3   | Noticed a seven-headed hydra
 18062 | Lair:3   | Killed a seven-headed hydra
 18107 | Lair:3   | Noticed a four-headed hydra
 18118 | Lair:3   | Killed a four-headed hydra
 18119 | Lair:3   | Reached skill level 7 in Bows
 18124 | Lair:3   | Found a hole to the Spider Nest.
 18156 | Lair:3   | Noticed a seven-headed hydra
 18162 | Lair:3   | Killed a seven-headed hydra
 18172 | Lair:3   | Noticed a four-headed hydra
 18186 | Lair:3   | Killed a four-headed hydra
 18187 | Lair:3   | Reached skill level 8 in Bows
 18306 | Lair:3   | Found a transporter.
 18388 | Lair:3   | Noticed Buacuz's ghost (journeyman NaWn)
 18391 | Lair:3   | Found a bloodstained altar of Trog.
 18489 | Lair:3   | Noticed an eight-headed hydra
 18497 | Lair:3   | Killed an eight-headed hydra
 18498 | Lair:3   | Reached skill level 9 in Bows
 18534 | Lair:3   | Found a dark tunnel.
 18658 | Volcano  | Entered a volcano
 18686 | Volcano  | Reached XP level 13. HP: 72/72 MP: 18/29
 19469 | Volcano  | Reached skill level 10 in Bows
 19855 | Lair:3   | Found a transporter.
 20655 | Lair:3   | Reached skill level 11 in Bows
 21970 | Lair:4   | Reached skill level 10 in Fighting
 22160 | Lair:4   | Reached skill level 12 in Bows
 22483 | Lair:5   | Found a runed translucent door.
 22486 | Lair:5   | Found a viscous altar of Jiyva.
 22758 | Lair:5   | Reached skill level 13 in Bows
 23407 | Lair:5   | Found a staircase to the Slime Pits.
 23409 | Lair:5   | Noticed an acid blob
 23613 | Lair:5   | Reached ****** piety under Hepliaklqana
 23683 | Lair:5   | You fall into a shaft and drop 1 floor!
 23683 | Lair:6   | Entered Level 6 of the Lair of Beasts
 23696 | Lair:6   | Reached skill level 14 in Bows
 24300 | Lair:6   | Reached skill level 5 in Stealth
 24303 | Lair:6   | Reached XP level 14. HP: 79/79 MP: 4/30
 25769 | Lair:6   | Found a large runed translucent door.
 25769 | Lair:6   | Found a large runed translucent door.
 27074 | D:4      | Learned a level 4 spell: Sticky Flame
 27074 | D:4      | Bought a book of Fire for 572 gold pieces
 27080 | D:4      | Learned a level 5 spell: Fireball
 27427 | D:11     | Noticed Erolcha
 27432 | D:11     | Killed Erolcha
 27542 | D:11     | Noticed Maurice
 27553 | D:11     | Killed Maurice
 28010 | D:11     | Reached skill level 10 in Invocations
 28010 | D:11     | Reached skill level 1 in Evocations
 28678 | D:12     | Found Linupim's General Store.
 28707 | D:12     | Bought a scroll of identify for 20 gold pieces
 28707 | D:12     | Bought a scroll of identify for 20 gold pieces
 28707 | D:12     | Identified a scroll of acquirement
 29012 | D:12     | Reached skill level 5 in Evocations
 29195 | D:12     | Noticed Gajag's ghost (journeyman DjFE)
 29198 | D:12     | Found a runed translucent door.
 29511 | D:12     | Found a staircase to the Orcish Mines.
 30033 | Orc:1    | Entered Level 1 of the Orcish Mines
 30034 | Orc:1    | Acquired a +4 vorpal longbow
 30112 | Orc:1    | Found a frozen archway.
 30152 | IceCv    | Entered an ice cave
 30668 | IceCv    | Noticed a reaper
 31562 | IceCv    | Killed a reaper
 32334 | Orc:1    | Noticed Sonja
 32338 | Orc:1    | Killed Sonja
 32360 | Orc:1    | Found an iron altar of Okawaru.
 32968 | Orc:2    | Entered Level 2 of the Orcish Mines
 33256 | Orc:2    | Found a staircase to the Elven Halls.
 33372 | Orc:2    | Reached skill level 15 in Bows
 33638 | Orc:2    | Found Otolofoph's Antique Weapon Shoppe.
 33638 | Orc:2    | Found Tolurr's Antique Weapon Shop.
 33788 | Orc:2    | Found Giru's Magic Scroll Shoppe.
 33788 | Orc:2    | Found Ocrav's Book Shop.
 33812 | Orc:2    | Bought a scroll of enchant weapon for 127 gold pieces
 33812 | Orc:2    | Bought a scroll of teleportation for 51 gold pieces
 33812 | Orc:2    | Bought a scroll of enchant weapon for 127 gold pieces
 34378 | Lair:1   | Killed HuGe's ghost
 34379 | Lair:1   | Reached XP level 15. HP: 82/82 MP: 31/31
 34646 | D:12     | Killed Gajag's ghost
 34683 | D:13     | Found a gate leading to a gauntlet.
 34703 | D:13     | Identified the +0 spear "Tikkat" {drain, +Blink rElec rCorr
                  | Str-5}
 34714 | Gauntlet | Entered a Gauntlet
 34714 | Gauntlet | Found a transporter.
 34714 | Gauntlet | Found a large runed translucent door.
 34714 | Gauntlet | Found a large runed translucent door.
 34714 | Gauntlet | Found a large runed translucent door.
 34714 | Gauntlet | Found a large runed translucent door.
 34714 | Gauntlet | Found a large runed translucent door.
 34714 | Gauntlet | Found a large runed translucent door.
 34714 | Gauntlet | Found a runed translucent door.
 34714 | Gauntlet | Found a runed translucent door.
 34714 | Gauntlet | Found a large runed translucent door.
 34714 | Gauntlet | Found a large runed translucent door.
 34714 | Gauntlet | Found a large runed translucent door.
 34714 | Gauntlet | Found a large runed translucent door.
 34714 | Gauntlet | Found a large runed translucent door.
 34714 | Gauntlet | Found a large runed translucent door.
 34723 | Gauntlet | Found a transporter.
 34739 | Gauntlet | Found a transporter.
 34743 | Gauntlet | Found a transporter.
 34761 | Gauntlet | Found a transporter.
 34774 | Gauntlet | Found a transporter.
 34782 | Gauntlet | Found a transporter.
 34783 | Gauntlet | Found a transporter.
 34783 | Gauntlet | Found the ring of the Octopus King
 34785 | Gauntlet | Found a runed translucent gate.
 34785 | Gauntlet | Found a runed translucent gate.
 34785 | Gauntlet | Found a runed translucent gate.
 34786 | Gauntlet | Found a large runed translucent door.
 34786 | Gauntlet | Found a large runed translucent door.
 34806 | Gauntlet | Found a transporter.
 34826 | Gauntlet | Found a transporter.
 34830 | Gauntlet | Found a transporter.
 34838 | Gauntlet | Found a transporter.
 34851 | Gauntlet | Found a large runed translucent door.
 34852 | Gauntlet | Found a large runed translucent door.
 35198 | Gauntlet | Identified the ring of the Scavenger {rCorr Int+6 Dex+3}
 35237 | Gauntlet | Identified the -5 helmet of Ohop {rN+ Dex+5}
 35265 | Gauntlet | Identified the +6 hand crossbow "Varocut" {penet, Will+
                  | Stlth+}
 35279 | Gauntlet | Reached skill level 16 in Bows
 35514 | Gauntlet | Got the Catalogue of Feathery Intoxication
 36900 | D:13     | Found Tikasob's Armour Boutique.
 36908 | D:13     | Bought a +1 helmet of see invisible for 247 gold pieces
 37707 | D:12     | Reached skill level 17 in Bows
 38809 | D:14     | Found a white marble altar of Elyvilon.
 38809 | D:14     | Found a glowing silver altar of Zin.
 38810 | D:14     | Found a glowing golden altar of the Shining One.
 38851 | D:14     | Reached skill level 18 in Bows
 38886 | D:14     | Reached skill level 10 in Stealth
 39100 | D:14     | Found a gate to the Vaults.
 39611 | D:15     | Entered Level 15 of the Dungeon
 39670 | D:15     | Learned a level 3 spell: Gell's Gravitas
 39779 | D:15     | Noticed Jorgrun
 39787 | D:15     | Killed Jorgrun
 39788 | D:15     | Reached skill level 19 in Bows
 40384 | D:15     | Found a staircase to the Depths.
 40632 | D:15     | Upgraded the game from 0.28-a0-895-g6e5f11bd55 to
                  | 0.28-a0-906-g0406aca7d3
 40881 | Lair:3   | Reached skill level 20 in Bows
 40900 | Lair:3   | Killed Buacuz's ghost
 40901 | Lair:3   | Reached XP level 16. HP: 29/87 MP: 1/32
 41206 | Swamp:1  | Entered Level 1 of the Swamp
 43196 | Swamp:3  | Slain by a six-headed hydra

Illustrated notes

Levels and vault maps discovered:
D:1:      matt_arrival_grand_opening, layout_loops_ring
D:2:      layout_rooms, grunt_ministairs_14, kennysheep_generic_room_6,
          uniq_natasha
D:3:      layout_loops_ring, doesnt_xom_only_xom, serial_shops, shop,
          nicolae_shop_trees, nicolae_shop_hallway_plus,
          nicolae_shop_waterfront, dreamdust_ecumenical_altar_grove
D:4:      corexii_shantytown, layout_basic, serial_shops, nicolae_diamond_shop,
          nicolae_lakefront_shop, shop
D:5:      black_bear_nest_1, layout_basic, fedhas_altar_3,
          mainiacjoe_overflow_catwalk, minmay_temple_entry_tees, serial_shops,
          nicolae_shop_window_shopping, nicolae_ossuary_entry_ruins, uniq_ijyb
D:6:      layout_basic, nicolae_uskayaw_dance_hall, mainiacjoe_overflow_brackets
D:7:      layout_gridville, mainiacjoe_overflow_cross_hatched, enter_bailey_2,
          st_stairs_3, wad_rectangle_vault
D:8:      layout_loops_corners, led_sif_pool, hangedman_decor_points, uniq_grum,
          uniq_harold
D:9:      layout_grid_maze, chequers_temple_overflow_statue_of_worship
D:10:     layout_roguey, nicolae_ashenzari_skybound, kiku_gazebo_garden_becter,
          nicolae_overflow_hidden_temple, lair_entry_dummy, serial_shops,
          nicolae_take_the_stairs
D:11:     layout_basic, eino_house_with_fridge, uniq_maurice, uniq_erolcha
D:12:     hangedman_arrow_trap, layout_basic, david_orc_5, serial_shops,
          nicolae_shop_advertising_works [nicolae_subvault_shop_adworks],
          hellmonk_ghost_happy_afterlife
D:13:     layout_stronghold, gauntlet_entry_generic, serial_shops, shop,
          kennysheep_potato
D:14:     layout_basic, grunt_vaults_entry_fortified, good_gods_temple_1,
          chequers_garden
D:15:     gammafunk_enter_depths_forms, layout_rooms, uniq_jorgrun
Temple:   jpeg_temple_island
Lair:1:   layout_concentric_octagons, ebering_ghost_rock_garden,
          nzn_masters_of_martial_movement, lemuel_fruit_tree
Lair:2:   layout_regular_city, palyth_hydra_swamp_entry, serial_bayou_shore_a
Lair:3:   lemuel_ratsnest, layout_big_grid, spider_nest_entry_webs,
          nicolae_volcano_entry_s_turn, gammafunk_ghost_wrathful_warriors,
          grunt_megastairs_1
Lair:4:   nzn_motion_control, layout_regular_city, infiniplex_staircase_pool
Lair:5:   layout_hall_layers, slime_altar_2, serial_bayou_lake_a
Lair:6:   cheibrodos_lair_end_hotspot, layout_regular_city,
          grunt_forest_stairs_basic
Swamp:1:  layout_basic_swamp, nicolae_swamp_fairy_circle
Swamp:2:  layout_basic_swamp, hangedman_swamp_cone, swamp_pool1
Swamp:3:  layout_basic_swamp, nicolae_swamp_orc_logging_accident, swamp_pool5
Orc:1:    layout_diamond_mine, portal_ice_cave_entry_imps,
          okawaru_metal_pillars_1_2, uniq_sonja
Orc:2:    st_orc_town, layout_caves

Skill      XL: |  1  2  3  4  5  6  7  8  9 10 11 12 13 14 15 16 |
---------------+-------------------------------------------------+-----
Conjurations   | 2 3 5 6 7 9 |  9.0
Translocations | 1 2 3 4 7 9 |  9.0
Spellcasting   | 4 6 8 10 | 10.0
Fire Magic     | 4 5 6 8 9 |  9.0
Bows           | 5 6 9 14 15 20 | 20.0
Hexes          | 1 3 4 |  4.0
Invocations    | 2 5 6 10 | 10.0
Dodging        | 4 9 10 13 | 13.4
Fighting       | 5 8 10 | 10.0
Stealth        | 5 6 10 | 10.0
Evocations     | 7 |  7.0

Action                   |  1- 3 |  4- 6 |  7- 9 | 10-12 | 13-15 | 16-18 || total
-------------------------+-------+-------+-------+-------+-------+-------++-------
Melee: Dagger            |     3 |       |       |       |       |       ||     3
       Quarterstaff      |       |    14 |    19 |     2 |       |       ||    35
       Eveningstar       |       |       |       |       |     9 |       ||     9
 Fire: Hand crossbow     |       |     1 |       |       |       |       ||     1
       Shortbow          |       |       |    85 |   256 |   844 |       ||  1185
       Longbow           |       |       |       |       |   753 |   157 ||   910
Throw: Stone             |       |     4 |       |       |       |       ||     4
       Dart              |       |     1 |       |       |     1 |       ||     2
       Boomerang         |       |       |       |       |    34 |       ||    34
 Cast: Foxfire           |    45 |    75 |    86 |    82 |    53 |       ||   341
       Scorch            |     7 |    36 |    59 |    92 |    57 |       ||   251
       Flame Wave        |       |       |     9 |    20 |    40 |     5 ||    74
       Blink             |       |       |     6 |     3 |     5 |     2 ||    16
       Conjure Flame     |       |       |     1 |     3 |       |       ||     4
       Inner Flame       |       |       |     9 |    30 |    10 |       ||    49
       Iskenderun's Myst |       |       |     2 |     9 |    52 |     7 ||    70
       Fireball          |       |       |       |       |    61 |     2 ||    63
       Gell's Gravitas   |       |       |       |       |     3 |       ||     3
       Sticky Flame      |       |       |       |       |       |     1 ||     1
Invok: Ancestor Identity |       |       |     1 |       |       |       ||     1
       Recall Ancestor   |       |       |     3 |     2 |     7 |       ||    12
       Ancestor Life: He |       |       |     1 |       |       |       ||     1
       Idealise          |       |       |       |     1 |     4 |     1 ||     6
Evoke: Wand              |       |       |       |       |     4 |       ||     4
       Condenser vane    |       |       |       |       |     1 |     1 ||     2
  Use: Scroll            |     1 |     4 |     8 |     4 |    19 |     1 ||    37
       Potion            |       |       |     2 |     3 |     3 |     1 ||     9
 Stab: Sleeping          |     1 |       |       |       |     1 |       ||     2
Armor: Leather armour    |     1 |    10 |    38 |    42 |   106 |       ||   197
       Troll leather arm |       |       |       |       |     2 |       ||     2
       Robe              |       |       |       |       |     1 |    33 ||    34
Dodge: Dodged            |     6 |    17 |    64 |    93 |   264 |    49 ||   493
       Repelled          |       |       |       |       |     1 |       ||     1
Block: Other             |       |       |       |       |       |    15 ||    15

Table legend: (Time is in decaauts)
 A = Elapsed time spent in this place.
 B = Non-inter-level travel time spent in this place.
 C = Inter-level travel time spent in this place.
 D = Time resting spent in this place.
 E = Time spent auto-exploring this place.
 F = Levels seen in this place.
 G = Mean time per level.
                   A        B        C        D        E       F      G
               +--------+--------+--------+--------+--------+-----+--------+
         Total |  43087 |  38964 |   4123 |   9291 |  21956 |  32 | 1346.5 |
       Dungeon |  22912 |  20022 |   2890 |   4006 |  12960 |  15 | 1527.5 |
        Temple |    245 |    240 |      5 |      0 |    234 |   1 |  245.0 |
          Lair |  10654 |   9642 |   1012 |   1575 |   6011 |   6 | 1775.7 |
         Swamp |   2058 |   1983 |     75 |    539 |   1123 |   3 |  686.0 |
  Orcish Mines |   1848 |   1708 |    140 |     43 |   1119 |   2 |  924.0 |
       Ossuary |    679 |    679 |      0 |    430 |    122 |   1 |  679.0 |
        Bailey |    678 |    678 |      0 |    278 |    134 |   1 |  678.0 |
      Ice Cave |   2066 |   2066 |      0 |   1417 |    126 |   1 | 2066.0 |
       Volcano |   1141 |   1141 |      0 |    693 |      0 |   1 | 1141.0 |
      Gauntlet |    801 |    801 |      0 |    309 |    126 |   1 |  801.0 |
               +--------+--------+--------+--------+--------+-----+--------+

Top non-repeatable levels by time:
  Lair:6: 2606 daAuts
  Lair:3: 2425 daAuts
    D:12: 2068 daAuts
   IceCv: 2066 daAuts
    D:13: 1976 daAuts
     D:4: 1961 daAuts
     D:3: 1813 daAuts
    D:10: 1741 daAuts
    D:14: 1741 daAuts
  Lair:2: 1602 daAuts
     D:6: 1582 daAuts
    D:11: 1549 daAuts
     D:5: 1450 daAuts
  Lair:5: 1443 daAuts
     D:9: 1436 daAuts
